 Dungeon Crawl Stone Soup version 0.27.1-33-g824d729ab1 (webtiles) character file.

Game seed: 2194070958383930042

50 MisterFreud the Skirmisher (level 3, -2/36 HPs)
             Began as a Minotaur Abyssal Knight on Nov 24, 2021.
             Was a Follower of Lugonu.
             Slain by a gnoll (6 damage)
             ... on level 1 of the Dungeon.
             The game lasted 00:01:33 (1399 turns).

MisterFreud the Skirmisher (MiAK)                   Turns: 1399, Time: 00:01:34

Health: -2/36      AC:  3    Str: 17    XL:     3   Next: 55%
Magic:  3/3        EV: 11    Int:  9    God:    Lugonu [*.....]
Gold:   17         SH:  0    Dex:  9    Spells: 2/2 levels left

rFire    . . .     SeeInvis .   a - +1 falchion
rCold    . . .     Faith    .   (no shield)
rNeg     . . .     Spirit   .   b - +0 leather armour
rPois    .         Reflect  .   (helmet restricted)
rElec    .         Harm     .   (no cloak)
rCorr    .         Rampage  .   (no gloves)
Will     .....                  (no boots)
Stlth    +.........             (no amulet)
HPRegen  0.12/turn              (no ring)
MPRegen  0.08/turn              (no ring)

@: no status effects
A: horns 2, retaliatory headbutt
a: Renounce Religion, Depart the Abyss


You were on level 1 of the Dungeon.
You worshipped Lugonu.
Lugonu was aware of your devotion.
You visited 1 branch of the dungeon, and saw 2 of its levels.
You visited the Abyss 1 time.

You collected 17 gold pieces.

Inventory:

Hand Weapons
 a - a +1 falchion (weapon)
 f - a +2 dagger of holy wrath
Armour
 b - a +0 leather armour (worn)
Scrolls
 d - a scroll of identify {unknown}
 e - a scroll of silence {unknown}
 g - a scroll of fog {unknown}
 h - a scroll of noise {unknown}
Potions
 c - a potion of brilliance {unknown}
 i - a potion of heal wounds {unknown}


   Skills:
 * Level 5.6 Fighting
 - Level 2.4 Long Blades
 - Level 2.4 Armour
 - Level 1.1 Dodging
 - Level 1.7 Invocations


You had 2 spell levels left.
You didn't know any spells.
Your spell library contained the following spells:

 Spells                   Type           Power      Damage    Failure   Level
 Beastly Appendage        Tmut           0%         N/A       43%         1
 Wereblood                Tmut           0%         N/A       58%         2
 Ozocubu's Armour         Ice            0%         N/A       82%         3
 Spider Form              Tmut/Pois      0%         N/A       82%         3
 Ozocubu's Refrigeration  Ice            0%         4d5       100%        7


Dungeon Overview and Level Annotations

Branches:
Dungeon (2/15)

Altars:


Innate Abilities, Weirdness & Mutations

You have a pair of horns on your head.
You reflexively headbutt those who attack you in melee.


Message History

HP restored.
You climb downwards.
The gnoll misses you.
The gnoll hits you from afar with a +0 spear.
There is a stone staircase leading up, spattered with blood here.
The gnoll hits you with a +0 spear.
You hit the gnoll.
The gnoll is moderately wounded.
The gnoll misses you. The gnoll hits you with a +0 spear.
The gnoll closely misses you. You furiously retaliate!
You headbutt the gnoll! You barely miss the gnoll.
The gnoll is moderately wounded.
The gnoll closely misses you.
You riposte.
You closely miss the gnoll. Your headbutt misses the gnoll.
The gnoll is moderately wounded.
The gnoll completely misses you.
You riposte.
You barely miss the gnoll.
The gnoll is severely wounded.
You hit the gnoll.
The gnoll is heavily wounded.
The gnoll hits you with a +0 spear! The gnoll hits you with a +0 whip.
* * * LOW HITPOINT WARNING * * *
The gnoll barely misses you.
There is a stone staircase leading up, spattered with blood here.
The gnoll hits you from afar with a +0 spear.
* * * LOW HITPOINT WARNING * * *
The gnoll barely misses you.
You riposte.
You hit the gnoll but do no damage.
The gnoll is severely wounded.
You climb upwards.
There is a stone staircase leading down here.
You closely miss the gnoll.
The gnoll is severely wounded.
The gnoll hits you with a +0 whip.
* * * LOW HITPOINT WARNING * * *
You barely miss the gnoll.
The gnoll is severely wounded.
The gnoll closely misses you.
You hit the gnoll but do no damage.
You headbutt the gnoll, but do no damage.
The gnoll is severely wounded.
The gnoll hits you with a +0 whip.
You die...

##### ....#
###.########
..#.#......#
.##.#..(...#######
...............g@#
#####......####..#
# ##........)..# #
###.########.## ##
#..).# #.# .#
#....#### #.#
.###.......#
#.####
..##....##.#
#.##.#
#.##.......#
#.##.#


You could see a gnoll.

Vanquished Creatures
  2 gnolls
  3 endoplasms
  4 giant cockroaches (D:1)
  2 goblins (D:1)
  5 hobgoblins
  A quokka (D:1)
  2 ball pythons (D:1)
  A frilled lizard (D:1)
  4 kobolds
  4 rats (D:1)
28 creatures vanquished.

Notes
Turn   | Place    | Note
-------+----------+-------------------------------------------
     0 | Abyss:1  | MisterFreud the Minotaur Abyssal Knight began the quest for
                  | the Orb.
     0 | Abyss:1  | Reached XP level 1. HP: 19/19 MP: 1/1
    34 | Abyss:1  | Found a snail-covered altar of Cheibriados.
    39 | Abyss:1  | Noticed a starcursed mass
    41 | D:1      | Escaped the Abyss
   407 | D:1      | Reached skill level 4 in Fighting
   558 | D:1      | Reached XP level 2. HP: 28/28 MP: 2/2
   627 | D:1      | Reached * piety under Lugonu
   702 | D:1      | Reached skill level 5 in Fighting
   702 | D:1      | Reached XP level 3. HP: 36/36 MP: 3/3
  1399 | D:1      | Slain by a gnoll

Illustrated notes

Levels and vault maps discovered:
D:1:      amcnicky_arrival_abandoned_market, layout_basic
D:2:      layout_rooms, serial_shops, shop_coins, uniq_natasha

Skill      XL: |  1  2 |
---------------+-------+-----
Fighting       | 4 5 |  5.6
Long Blades    | |  2.4
Armour         | |  2.4
Dodging        | |  1.1
Invocations    | |  1.7

Action                   || total
-------------------------++-------
Melee: Falchion          ||    57
       Headbutt          ||     7
Invok: Depart the Abyss  ||     1
Armor: Leather armour    ||     9
Dodge: Dodged            ||    39
       Rpst.: Falchion   ||    10
